AoeStats
← [GG] Shevchenko 7

African Clearing

505117076Analyzed
3v3 RM · 26d ago on Sep 7, 2026· 55m 12s· 6 players
Game mode
Random Map
Map size
Normal (6 player)
Population
200
Speed
Normal
Resources
Standard
Victory
Conquest
Starting age
Dark Age
Ending age
Imperial Age
RankedLock teamsTeams togetherTeam positionsShared explorationLock speedFull tech treeHidden civsTurbo modeCheats
Victory
Defeat
1058
+13
🇧🇷 Huns · Brazil
991
+16
🇧🇷 Slavs · Brazil
964
+18
🇹🇼 Italians · Taiwan
1003
-16
🇺🇸 Celts · United States
1000
-48
🇳🇴 Muisca · Norway
982
-15
Iceberg Simpson
25:29 Feudal Age
28:55 Loom
33:41 Horse Collar
34:56 Wheelbarrow
43:21 Castle Age
aliø
5:02 Loom
13:08 Feudal Age
13:42 Town Watch
14:39 Horse Collar
14:57 Double-Bit Axe
14:56 Champi Runner
19:00 Forging
19:44 Wheelbarrow
25:37 Castle Age
25:35 Scale Mail Armor
25:42 Pikeman
25:43 Champi Warrior
26:25 Champi Warrior
27:06 Squires
31:00 Gold Mining
31:21 Bow Saw
31:37 Fletching
31:55 Heavy Plow
32:06 Bow Saw
35:08 Imperial Age
33:34 Iron Casting
36:22 Conscription
35:45 Elite Champi Warrior
38:06 Padded Archer Armor
39:03 Leather Archer Armor
38:47 Bodkin Arrow
39:08 Leather Archer Armor
40:24 Ballistics
40:00 Murder Holes
40:42 Leather Archer Armor
40:48 Stone Mining
41:59 Treadmill Crane
42:33 Masonry
43:17 Chain Mail Armor
43:04 Bracer
43:28 Guard Tower
44:42 Hand Cart
46:08 Elite Guecha Warrior
48:57 Plate Mail Armor
50:18 Onager
51:15 Capped Ram
51:33 Heavy Scorpion
54:02 Keep
55:07 Hoardings
shaqssmm
4:54 Loom
15:01 Feudal Age
16:06 Double-Bit Axe
20:04 Castle Age
17:55 Horse Collar
18:15 Stone Mining
18:25 Gold Mining
21:50 Wheelbarrow
25:35 Ballistics
26:54 Town Watch
28:03 Bow Saw
30:59 Fletching
31:10 Padded Archer Armor
31:33 Ballistics
31:09 Murder Holes
36:05 Imperial Age
34:29 Bodkin Arrow
34:58 Heavy Plow
36:29 Thumb Ring
36:52 Leather Archer Armor
36:52 Light Cavalry
38:39 Bloodlines
40:29 Crop Rotation
41:41 Chemistry
40:52 Bracer
42:24 Scale Barding Armor
42:30 Forging
44:04 Hand Cart
46:25 Chain Barding Armor
46:41 Iron Casting
[GG] Raúl González Blanco
4:42 Loom
14:56 Feudal Age
15:28 Town Watch
18:51 Bloodlines
24:01 Castle Age
25:01 Crossbowman
28:45 Kamandaran
30:10 Thumb Ring
33:33 Fletching
33:44 Padded Archer Armor
33:50 Scale Barding Armor
33:49 Town Patrol
38:07 Double-Bit Axe
39:06 Leather Archer Armor
39:11 Chain Barding Armor
38:48 Bodkin Arrow
41:04 Wheelbarrow
41:51 Chain Barding Armor
41:41 Forging
42:47 Ballistics
43:06 Murder Holes
43:50 Wheelbarrow
44:13 Fervor
44:29 Forging
48:17 Imperial Age
48:23 Iron Casting
48:05 Cavalier
48:46 Husbandry
50:54 Chemistry
49:43 Savar
53:39 Block Printing
[GG] Ibrahimovic
6:11 Loom
16:56 Feudal Age
17:51 Town Watch
17:57 Double-Bit Axe
17:57 Horse Collar
24:41 Fletching
26:56 Castle Age
25:45 Forging
25:36 Scale Mail Armor
25:54 Padded Archer Armor
26:48 Wheelbarrow
25:46 Man-at-Arms
27:55 Long Swordsman
29:48 Pikeman
30:30 Squires
32:42 Iron Casting
33:28 Chain Mail Armor
34:37 Hand Cart
35:15 Town Patrol
37:20 Leather Archer Armor
39:00 Bodkin Arrow
42:52 Imperial Age
40:36 Masonry
41:30 Sanctity
43:31 Bow Saw
43:27 Heavy Plow
44:35 Blast Furnace
44:07 Plate Mail Armor
43:58 Siege Engineers
43:54 Murder Holes
44:21 Ballistics
43:55 Capped Ram
44:58 Two-Handed Swordsman
46:12 Champion
49:13 Halberdier
53:46 Ring Archer Armor
54:30 Siege Ram
[GG] Shevchenko 7
3:19 Loom
14:25 Feudal Age
18:05 Scale Barding Armor
18:13 Forging
23:33 Castle Age
29:38 Elite Skirmisher
32:26 Padded Archer Armor
32:16 Fletching
33:34 Iron Casting
33:20 Chain Barding Armor
32:51 Horse Collar
33:02 Double-Bit Axe
33:13 Gold Mining
34:01 Leather Archer Armor
33:50 Stone Mining
34:45 Gold Shaft Mining
34:12 Heavy Plow
34:41 Bow Saw
36:56 Husbandry
41:54 Imperial Age
40:00 Wheelbarrow
39:36 Scale Mail Armor
40:16 Ballistics
40:45 Marauders
41:28 Hand Cart
40:52 Light Cavalry
41:43 Bloodlines
41:32 Bodkin Arrow
41:37 Murder Holes
41:52 Masonry
44:42 Plate Barding Armor
45:14 Blast Furnace
44:20 Bracer
45:44 Cavalier
49:33 Sanctity
49:24 Fervor
Connection lost

Rejoining the realm…

Still unreachable

The connection could not be restored.

Session expired

The server has moved on; the page needs a fresh start.